 Dungeon Crawl Stone Soup version 0.15-a0-1345-gc375f20 (webtiles) character file.

29791 MrArtemy the Warrior (level 13, -8/92 HPs)
             Began as a Gargoyle Berserker on June 6, 2014.
             Was an Elder of Trog.
             Mangled by a freezing wraith (38 damage)
             ... summoned by an unborn
             ... on Level 1 of the Abyss on June 8, 2014.
             The game lasted 02:48:39 (20673 turns).

MrArtemy the Warrior (Gargoyle Berserker)          Turns: 20673, Time: 02:48:39

HP  -8/92        AC 24     Str 25      XL: 13   Next: 47%
MP   4/4         EV  6     Int  9      God: Trog [****..]
Gold 783         SH  0     Dex  9      Spells:  0 memorised, 12 levels left

rFire  + . .     SeeInvis +     M - +5 executioner's axe (antimagic)
rCold  x . .     Clarity  .     U - +0 plate armour
rNeg   + . .     rCorr    +     (no shield)
rPois  +         rRot     +     y - +0 helmet
rElec  +         Spirit   .     C - +1 cloak {rPois}
SustAb .         Warding  .     H - +0 pair of gloves
rMut   .         Stasis   .     (no boots)
Gourm  .                        o - cursed amulet of resist corrosion
MR     ++...                    V - ring of see invisible
                                f - ring of fire

@: about to teleport, regenerating, very resistant to hostile enchantments,
extremely unstealthy
A: life protection 1, electricity resistance, spit poison 2, unbreathing,
petrification resistance, rot immunity, AC +9
a: Spit Poison, Burn Spellbooks, Berserk, Trog's Hand, Brothers in Arms,
Renounce Religion


You were on level 1 of the Abyss.
You worshipped Trog.
Trog was greatly pleased with you.
You were not hungry.

You visited 1 branch of the dungeon, and saw 14 of its levels.
You visited the Abyss 1 time.

You collected 867 gold pieces.
You spent 84 gold pieces at shops.

Inventory:

Hand weapons
 b - the +7,+7 Singing Sword
   (You found it on level 7 of the Dungeon)
 M - a +5,+5 antimagic executioner's axe (weapon)
Missiles
 t - 4 tomahawks of dispersal
 F - a throwing net (quivered)
 R - 5 poisoned tomahawks
Armour
 y - a +0 helmet (worn)
 C - a +1 cloak of poison resistance (worn)
 H - a +0 pair of gloves (worn)
 U - a +0 plate armour (worn)
Magical devices
 w - a wand of teleportation (1)
 z - a wand of flame (22)
 G - a wand of enslavement (12) {unknown}
 I - a wand of draining (6) {unknown}
 L - a wand of lightning (8) {unknown}
 W - a wand of flame (16)
Comestibles
 d - 2 chunks of hell hound flesh
 k - a bread ration
 r - a royal jelly
 u - 2 slices of pizza
 E - a beef jerky
 N - 2 meat rations
Scrolls
 c - a scroll of noise
 e - 4 scrolls of identify
 g - 3 scrolls of magic mapping
 h - a scroll of silence {unknown}
 i - 7 scrolls of remove curse
 j - 3 scrolls of amnesia
 n - 3 scrolls of random uselessness
 p - 2 scrolls of enchant armour {unknown}
 x - 2 scrolls of teleportation
 J - a scroll of fog
Jewellery
 f - a ring of fire (left hand)
 o - a cursed amulet of resist corrosion (around neck)
 K - a cursed amulet of clarity
 V - a ring of see invisible (right hand)
Potions
 a - 2 potions of flight
 l - 2 potions of mutation
 m - 2 potions of restore abilities
 q - 3 potions of confusion
 s - a potion of brilliance
 v - 2 potions of resistance
 A - 7 potions of curing
 B - a potion of lignification
 O - 2 potions of poison
 P - a potion of haste
 Q - a potion of invisibility
 T - a potion of degeneration
 X - a potion of agility
Miscellaneous
 D - a sack of spiders {used: 1}


   Skills:
 + Level 15.4 Fighting
 + Level 15.3 Axes
 - Level 2.3 Armour
 - Level 1.7 Dodging
 + Level 0.6 Evocations


You had 12 spell levels left.
You didn't know any spells.

Dungeon Overview and Level Annotations

Branches:
Dungeon (14/15)            Temple (0/1) D:5             Orc (0/4) D:11
   Lair (0/8) D:8          Vaults (0/5) D:13

Altars:
Ashenzari
Cheibriados
Fedhas
Gozag
Makhleb
Trog
Vehumet
Xom
Yredelemnul
The Shining One

Shops:
D:7 *   D:10 !   D:11 (


Innate Abilities, Weirdness & Mutations

You are resistant to torment.
You are immune to poison.
Your stone body is very resilient (AC +9).
You resist negative energy.
You are resistant to electric shocks.
You can survive without breathing.
You are immune to petrification.
You are immune to rotting.
You can spit moderately strong poison.


Message History

The freezing wraith hits you but does no damage.
The freezing wraith barely misses you.
Read which item? (? for menu, Esc to quit)
As you read the scroll of teleportation, it crumbles to dust.
You feel strangely unstable.
You feel the power of the Abyss delaying your translocation.
The phantom closely misses you. The phantasmal warrior hits you!
The freezing wraith hits you but does no damage. x2
The freezing wraith barely misses you. x2
A raiju comes into view.
Use which ability? (? or * to list)
Your skin crawls.
You feel resistant to hostile enchantments.
You feel slightly more hungry.
The raiju barks!
The freezing wraith hits you but does no damage. x2
The phantom hits you but does no damage.
The freezing wraith hits you. The freezing wraith freezes you!!!
You feel a terrible chill!
You die...

# #.#..#.#...#.## . #
##..#.##.#......# #.
.##.h.... #.. .#. #
#..#?#$.#..#....#..#
... #..#....#..#.
#.....
..#§.###L.§#####.#L###
. #§.. ###h### ##
#.....
.##.#..#.h.§.##.. ..#
#....W@W#....# ..
....#..WW#.##..# ..
#....#..# .# . #.##..
##. # . # ..# ## # ...
.... #.#


You could see a phantasmal warrior, 2 freezing wraiths, a phantom and 3 raiju.

Vanquished Creatures
  2 mummy priests (D:14)
  Harold (D:12)
  2 centaur warriors
  Nergalle (D:11)
  A fire crab (shapeshifter) (D:10)
  2 unseen horrors
  4 hill giants
  Joseph (D:11)
  2 manticores
  2 cyclopes (D:13)
  Maurice (D:11)
  A gargoyle (D:11)
  A feature mimic (D:12)
  A kobold demonologist (D:11)
  A smoke demon (Abyss:1)
  A hellwing (D:14)
  3 guardian mummies (D:14)
  3 trolls
  A two-headed ogre (D:8)
  A griffon zombie (D:10)
  2 wraiths (D:12)
  A ynoxinul (D:14)
  3 wyverns
  19 yaks
  A deep elf mage (D:14)
  A trapdoor spider (D:10)
  3 hippogriffs
  4 ugly things (D:10)
  A deep elf fighter (D:8)
  2 hill giant skeletons
  2 shadows (D:14)
  A tengu zombie (D:14)
  A hungry ghost (D:14)
  A centaur simulacrum (D:14)
  Menkaure (D:14)
  A hell hound (Abyss:1)
  2 water moccasins
  3 sky beasts
  A small abomination (Abyss:1)
  A black bear (D:6)
  11 orc warriors
  A phantom (D:8)
  22 centaurs
  2 ice beasts
  3 big kobolds
  A crocodile (D:14)
  12 ogres
  5 giant frogs
  2 scorpions
  An eye of draining (D:13)
  A wyvern skeleton (D:13)
  A water moccasin skeleton (D:9)
  19 killer bees
  2 electric eels (D:8)
  10 wights
  A troll skeleton (D:12)
  7 crimson imps
  6 jellies
  A hound (D:10)
  A quasit (D:11)
  Crazy Yiuf (D:7)
  11 orc priests
  2 centaur skeletons
  10 orc wizards
  A black bear skeleton (D:9)
  2 iguanas
  2 spectral orcs (D:11)
  14 worker ants
  2 sheep (D:13)
  A sky beast zombie (D:10)
  A hound skeleton (D:9)
  A mummy (D:14)
  4 gnolls (D:6)
  11 adders
  2 green rats (D:8)
  4 shadow imps
  A worm (D:4)
  A giant mite (D:6)
  An inept item mimic (D:7)
  An ufetubus (D:14)
  An adder zombie (D:6)
  3 orc zombies
  An adder skeleton (D:5)
  3 giant geckos
  An ooze (D:4)
  30 orcs
  4 ball pythons
  30 bats
  A bat skeleton (D:5)
  4 giant cockroaches
  12 goblins
  23 hobgoblins
  21 jackals
  22 kobolds
  8 quokkas
  8 giant newts
  A giant newt zombie (D:5)
  A kobold skeleton (D:6)
  A kobold zombie (D:7)
  A quokka zombie (D:6)
  26 rats
  A fungus (D:8)
  A plant (D:8)
469 creatures vanquished.

Vanquished Creatures (collateral kills)
  4 vault guards (D:13)
  A centaur warrior (D:13)
  A manticore (D:6)
  A gargoyle (D:13)
  A two-headed ogre (D:13)
  2 ugly things (D:13)
  4 hell hounds (Abyss:1)
  An ice beast (D:14)
  An ogre (D:13)
  A giant frog (D:13)
  A crimson imp (D:6)
  2 orc priests (D:5)
  A worker ant (D:13)
  An adder (D:6)
  A worm (D:5)
  An orc (D:5)
24 creatures vanquished.

Vanquished Creatures (others)
  A deep troll (D:13)
  A two-headed ogre (D:13)
  A troll (D:13)
  A polar bear (Abyss:1)
  3 ogres
  2 spiders (D:13)
  3 fungi (D:8)
  A plant (D:8)
13 creatures vanquished.

Grand Total: 506 creatures vanquished

Notes
Turn   | Place    | Note
--------------------------------------------------------------
     0 | D:1      | MrArtemy, the Gargoyle Berserker, began the quest for the Orb.
     0 | D:1      | Reached XP level 1. HP: 14/14 MP: 1/1
   361 | D:1      | Reached XP level 2. HP: 19/19 MP: 2/2
  1272 | D:1      | Acquired Trog's second power
  1341 | D:1      | Reached XP level 3. HP: 24/24 MP: 3/3
  1420 | D:2      | Found a blossoming altar of Fedhas.
  1428 | D:2      | Reached skill level 4 in Fighting
  2278 | D:2      | Reached XP level 4. HP: 16/30 MP: 4/4
  2929 | D:3      | Found a shattered altar of Ashenzari.
  3265 | D:3      | Upgraded the game from 0.15-a0-1293-g4a08026 to 0.15-a0-1309-g3520d71
  3373 | D:3      | Reached XP level 5. HP: 31/34 MP: 5/5
  3767 | D:4      | Found a radiant altar of Vehumet.
  3815 | D:4      | Reached skill level 5 in Fighting
  4523 | D:4      | Noticed an ogre
  4547 | D:4      | Killed an ogre
  4547 | D:4      | Reached XP level 6. HP: 30/40 MP: 6/6
  4811 | D:4      | Noticed an ogre
  4828 | D:4      | Killed an ogre
  4828 | D:4      | Reached skill level 5 in Axes
  5192 | D:5      | Entered Level 5 of the Dungeon
  5235 | D:5      | Reached skill level 6 in Fighting
  5235 | D:5      | Reached XP level 7. HP: 46/46 MP: 7/7
  5448 | D:5      | Found a basalt altar of Yredelemnul.
  5461 | D:5      | Found a bloodstained altar of Trog.
  5511 | D:5      | Noticed a yak
  5511 | D:5      | Noticed a yak
  5512 | D:5      | Noticed a yak
  5513 | D:5      | Noticed a yak
  5513 | D:5      | Noticed a yak
  5514 | D:5      | Noticed a yak
  5588 | D:5      | Killed a yak
  5601 | D:5      | Killed a yak
  5601 | D:5      | Reached skill level 7 in Fighting
  5601 | D:5      | Reached XP level 8. HP: 49/53 MP: 8/8
  5606 | D:5      | Killed a yak
  5606 | D:5      | Acquired Trog's third power
  5612 | D:5      | Killed a yak
  5621 | D:5      | Killed a yak
  6007 | D:5      | Received a gift from Trog
  6007 | D:5      | Reached skill level 8 in Fighting
  6121 | D:4      | Killed a yak
  6363 | D:5      | Found a staircase to the Ecumenical Temple.
  6374 | D:5      | Reached XP level 9. HP: 57/60 MP: 9/9
  6980 | D:6      | Noticed a manticore
  7012 | D:6      | Killed a manticore
  7012 | D:6      | Reached skill level 9 in Fighting
  7674 | D:6      | Found a glowing golden altar of the Shining One.
  8395 | D:7      | Found Gozag's Platinum Reserve.
  8401 | D:7      | Found an opulent altar of Gozag.
  8462 | D:7      | Reached skill level 10 in Fighting
  8861 | D:7      | Reached XP level 10. HP: 68/68 MP: 10/10
  8865 | D:7      | Reached skill level 10 in Axes
  8991 | D:7      | Found a shimmering altar of Xom.
  8995 | D:7      | Found a burning altar of Makhleb.
  8997 | D:7      | Found a snail-covered altar of Cheibriados.
  9096 | D:7      | Got a pitted hammer
  9131 | D:7      | Noticed Crazy Yiuf
  9137 | D:7      | Killed Crazy Yiuf
  9361 | D:8      | Found a basalt altar of Yredelemnul.
  9853 | D:8      | Found a staircase to the Lair.
 10541 | D:8      | Received a gift from Trog
 11153 | D:8      | Reached skill level 11 in Fighting
 11921 | D:8      | Gained mutation: You can spit poison. [potion of beneficial mutation]
 11922 | D:8      | Gained mutation: You can spit moderately strong poison. [potion of beneficial mutation]
 12664 | D:10     | Entered Level 10 of the Dungeon
 12842 | D:10     | Noticed a hill giant
 12849 | D:10     | Killed a hill giant
 12849 | D:10     | Reached XP level 11. HP: 75/76 MP: 3/11
 13055 | D:10     | Noticed a hill giant
 13067 | D:10     | Killed a hill giant
 13067 | D:10     | Reached skill level 12 in Fighting
 13359 | D:10     | Found Gureod's Distillery.
 13364 | D:10     | Bought a potion of heal wounds for 42 gold pieces
 13367 | D:10     | Bought a potion of restore abilities for 42 gold pieces
 13481 | D:10     | Noticed a fire crab
 13494 | D:10     | Killed a fire crab
 13635 | D:10     | Received a gift from Trog
 14069 | D:10     | Noticed a centaur warrior
 14078 | D:10     | Killed a centaur warrior
 14514 | D:11     | Noticed a hill giant
 14620 | D:10     | Received a gift from Trog
 14620 | D:10     | Reached skill level 13 in Fighting
 14700 | D:10     | Killed a hill giant
 14783 | D:11     | Found Wasa's Antique Weapon Shoppe.
 14815 | D:11     | Noticed Maurice
 14833 | D:11     | Killed Maurice
 14836 | D:11     | Noticed Joseph
 14861 | D:11     | Killed Joseph
 14861 | D:11     | Reached XP level 12. HP: 81/84 MP: 4/12
 15107 | D:11     | Noticed Nergalle
 15119 | D:11     | Killed Nergalle
 15599 | D:11     | Received a gift from Trog
 16231 | D:11     | Found a staircase to the Orcish Mines.
 16327 | D:12     | Upgraded the game from 0.15-a0-1309-g3520d71 to 0.15-a0-1345-gc375f20
 16591 | D:12     | Reached skill level 14 in Fighting
 17050 | D:12     | Noticed Harold
 17061 | D:12     | Killed Harold
 17665 | D:13     | Found a gate to the Vaults.
 17665 | D:13     | Noticed a vault guard
 17665 | D:13     | Noticed a vault guard
 17665 | D:13     | Noticed a vault guard
 17665 | D:13     | Noticed a vault guard
 17677 | D:13     | Killed a vault guard
 17680 | D:13     | Killed a vault guard
 17680 | D:13     | Received a gift from Trog
 17684 | D:13     | Killed a vault guard
 17694 | D:13     | Killed a vault guard
 17697 | D:13     | Reached XP level 13. HP: 91/91 MP: 4/13
 17897 | D:13     | Received a gift from Trog
 18722 | D:14     | Reached skill level 15 in Axes
 18906 | D:14     | Reached skill level 15 in Fighting
 19231 | D:14     | Noticed a mummy priest
 19244 | D:14     | Killed a mummy priest
 19575 | D:14     | Noticed a mummy priest
 19575 | D:14     | Noticed Menkaure
 19585 | D:14     | Killed a mummy priest
 19602 | D:14     | Killed Menkaure
 20539 | D:14     | Cast into the Abyss (wizard)
 20657 | Abyss:1  | Noticed an unborn
 20673 | Abyss:1  | Mangled by a freezing wraith

Action                   |  1- 3 |  4- 6 |  7- 9 | 10-12 | 13-15 || total
-------------------------+-------+-------+-------+-------+-------++-------
Melee: Hand axe          |   155 |   237 |   257 |       |       ||   649
       War axe           |       |       |   127 |   186 |       ||   313
       Executioner's axe |       |       |       |   551 |   138 ||   689
Invok: Berserk           |       |     3 |    10 |    21 |     6 ||    40
       Brothers in Arms  |       |       |     2 |     4 |     4 ||    10
       Burn Spellbooks   |       |       |     1 |     5 |     1 ||     7
       Trog's Hand       |       |       |       |       |     1 ||     1
 Abil: Spit Poison       |       |       |       |     2 |       ||     2
Evoke: Wand              |       |       |     1 |       |       ||     1
       Sack of spiders   |       |       |       |     1 |       ||     1
  Use: Potion            |       |       |     1 |     3 |     4 ||     8
       Scroll            |       |       |       |    33 |    11 ||    44
 Stab: Distracted        |       |       |     1 |       |       ||     1
